 Dungeon Crawl Stone Soup version 0.30.1-9-gdf580d7c3d (webtiles) character file.

Game seed: 16583106081877034352

1014 Nonny the Slasher (level 8, -3/49 HPs)
             Began as a Tengu Fighter on Oct 15, 2023.
             Slain by an ice beast (14 damage)
             ... on level 6 of the Dungeon on Oct 20, 2023.
             The game lasted 00:20:40 (3462 turns).

Nonny the Slasher (Tengu Fighter)                   Turns: 3462, Time: 00:20:41

Health: -3/49      AC:  9    Str: 17    XL:     8   Next: 21%
Magic:  9/9        EV: 10    Int:  8    God:
Gold:   226        SH:  5    Dex: 16    Spells: 7/7 levels left

rFire   . . .        a - +0 long sword (spect)
rCold   . . .        c - +0 buckler
rNeg    . . .        b - +0 scale mail
rPois   .            (helmet restricted)
rElec   .            k - +1 cloak
rCorr   .            (no gloves)
SInv    .            (boots unavailable)
Will    .....        (no amulet)
Stlth   +            (no ring)
HPRegen 0.28/turn    (no ring)
MPRegen 0.11/turn

%: no passive effects
@: mighty, flying quickly and evasively, quick
A: beak, talons 3, nimble flight
a: no special abilities


You were on level 6 of the Dungeon.
You visited 1 branch of the dungeon, and saw 7 of its levels.
You also visited: Sewer.

You collected 226 gold pieces.

Inventory:

Hand Weapons
 a - a +0 spectral long sword (weapon)
 g - a +0 long sword
Missiles
 q - 20 poisoned darts (quivered)
Armour
 b - a +0 scale mail (worn)
 c - a +0 buckler (worn)
 k - a +1 cloak (worn)
Wands
 x - a wand of quicksilver (2)
Scrolls
 e - a scroll of blinking {unknown}
 f - 2 scrolls of magic mapping
 h - a scroll of immolation
 m - a scroll of fear {unknown}
 r - a scroll of enchant weapon {unknown}
 t - a scroll of teleportation
 v - a scroll of fog {unknown}
 w - a scroll of identify
Potions
 i - 2 potions of haste
 j - a potion of invisibility
 n - 2 potions of ambrosia
 o - 2 potions of curing
 p - 2 potions of magic
 s - a potion of attraction {unknown}
 u - a potion of mutation {unknown}


   Skills:
 + Level 5.1 Fighting
 + Level 7.5 Long Blades
 - Level 6.0 Armour
 * Level 1.7 Stealth
 - Level 3.0 Shields


You had 7 spell levels left.
You didn't know any spells.
Your spell library contained the following spells:

 Spells                   Type           Power      Damage    Failure   Level
 Magic Dart               Conj           0%         1d3       86%         1
 Searing Ray              Conj           0%         2d4       95%         2
 Volatile Blastmotes      Fire/Tloc      0%         2d10      99%         3
 Fulminant Prism          Conj/Hex       0%         3d5       100%        4
 Iskenderun's Mystic Bla  Conj/Tloc      0%         2d3       100%        4
 Lee's Rapid Deconstruct  Erth           0%         3d4*      100%        5


Dungeon Overview and Level Annotations

Branches:
Dungeon (7/15)              Sewer (visited)
 Temple: D:4-7

Altars:
Cheibriados
Elyvilon
Hepliaklqana
Nemelex Xobeh

Shops:
D:1 =[

Annotations:
D:5 Eustachio


Innate Abilities, Weirdness & Mutations

You have a beak for a mouth.
You have claws for feet.
Your magical nature lets you fly swiftly and evasively.


Message History

The water moccasin bites you. The water moccasin bites you!
* * * LOW HITPOINT WARNING * * *
You are poisoned.
The water moccasin poisons you! The water moccasin bites you.
* * * LOW HITPOINT WARNING * * *
There is a stone staircase leading up here.
* * * LOW HITPOINT WARNING * * *
You feel very sick.
The howler monkey hits you but does no damage.
The water moccasin bites you but does no damage.
The ice beast hits you but does no damage.
You fly upwards.
* * * LOW HITPOINT WARNING * * *
You feel very sick.
There is a stone staircase leading down here.
You feel much better.
You feel sick.
The howler monkey hoots and howls with incredible vigour!
The water moccasin bites you!
* * * LOW HITPOINT WARNING * * *
You are lethally poisoned!
The water moccasin poisons you! The ice beast closely misses you.
The howler monkey hoots and howls with incredible vigour!
You feel better. The water moccasin bites you.
The water moccasin closely misses you. The howler monkey hits you.
The ice beast barely misses you.
Unknown command.
You feel very mighty all of a sudden. You block the water moccasin's attack.
You block the howler monkey's attack.
The ice beast hits you but does no damage.
Unknown command.
You closely miss the ice beast. You claw the ice beast!
You peck the ice beast, but do no damage.
The ice beast is moderately wounded.
The water moccasin misses you. The howler monkey hits you.
* * * LOW HITPOINT WARNING * * *
You block the water moccasin's attack. The ice beast hits you.
* * * LOW HITPOINT WARNING * * *
The ice beast freezes you!
You die...

.......#***,*****
.#...#.# *,*
.....#.####,*
<#........,,*
........#****
...~....#
.~~~~~..##########
#~#~#####......YS#
~~~~†~~##.######@#
######~##.# #h#
#~~~~÷~##.#### #.#
#~#~####.....# #.#
*~#~÷~~##.##.# #.#
*~#~##~##.##.# #.#
*~#~~#~##.##.###.#
*~##~#~*#........#
~~##~#~*####.#####


You could see a water moccasin, an ice beast and a howler monkey.

Vanquished Creatures
  A water moccasin (D:7)
  An orc warrior (D:6)
  Blork the orc (D:4)
  3 kobold brigands
  A scorpion (D:5)
  2 hounds
  3 orc priests
  A jelly (D:4)
  3 orc wizards
  2 river rats
  13 adders
  A white imp (D:7)
  8 worms
  16 orcs
  6 bats
  4 endoplasms
  3 giant cockroaches
  8 goblins
  6 hobgoblins
  5 jackals (D:1)
  A quokka (D:4)
  6 ball pythons
  2 frilled lizards
  9 kobolds
  2 rats
108 creatures vanquished.

Notes
Turn   | Place    | Note
-------+----------+-------------------------------------------
     0 | D:1      | Nonny the Tengu Fighter began the quest for the Orb.
     0 | D:1      | Reached XP level 1. HP: 14/14 MP: 2/2
    16 | D:1      | Starting vault: triangle with water pool.
   163 | D:1      | Found Uzxieme's Armour Boutique.
   213 | D:1      | Reached XP level 2. HP: 19/19 MP: 3/3
   242 | D:1      | Found Oshyat's Jewellery Emporium.
   582 | D:1      | Reached XP level 3. HP: 21/23 MP: 4/4
   775 | D:2      | You fall into a shaft and drop 1 floor!
   863 | D:3      | Vault: just some flooded area. Nothing in there.
   898 | D:3      | Found a white marble altar of Elyvilon.
  1126 | D:3      | Flooded floor layout, I suppose.
  1176 | D:3      | Found a faded altar of an unknown god.
  1275 | D:3      | Reached skill level 3 in Long Blades
  1439 | D:3      | Reached XP level 4. HP: 29/29 MP: 5/5
  1785 | D:4      | Reached skill level 4 in Long Blades
  1785 | D:4      | Gained mutation: Your magical nature lets you fly swiftly
                  | and evasively. [Tengu growth]
  1785 | D:4      | Reached XP level 5. HP: 22/33 MP: 6/6
  1785 | D:4      | Noticed Blork the orc
  1898 | D:4      | Found a snail-covered altar of Cheibriados.
  2099 | D:4      | Killed Blork the orc
  2204 | D:4      | Reached XP level 6. HP: 37/38 MP: 7/7
  2232 | D:4      | Reached skill level 5 in Long Blades
  2355 | D:5      | Entered Level 5 of the Dungeon
  2443 | D:5      | Found a sparkling altar of Nemelex Xobeh.
  2504 | D:5      | Noticed Eustachio
  2601 | D:5      | Found a hazy altar of Hepliaklqana.
  2698 | D:6      | Reached skill level 5 in Armour
  2706 | D:6      | Noticed an orc warrior
  2710 | D:6      | Killed an orc warrior
  2711 | D:6      | Reached XP level 7. HP: 39/44 MP: 8/8
  2713 | D:6      | Reached skill level 6 in Long Blades
  2898 | D:6      | Found a glowing drain.
  2903 | Sewer    | Entered a sewer
  3355 | D:7      | Reached skill level 5 in Fighting
  3355 | D:7      | Reached skill level 7 in Long Blades
  3355 | D:7      | Reached skill level 1 in Stealth
  3355 | D:7      | Reached XP level 8. HP: 16/49 MP: 9/9
  3458 | D:6      | HP: 1/49 [poisoned by a water moccasin]
  3462 | D:6      | Slain by an ice beast

Illustrated notes #### #..### #....### #......### #........### #..~~......#### #..~≈≈~..@....+ #<.~≈≈≈~~.....+ #..≈≈≈~.......+ #..~~......#### #........### #......### #....### #..### #### Turn 16 on D:1: Starting vault: triangle with water pool.

~~############# #.#
#~~~~~# #.##
~########### #..# ~#
###~~~##### ##.##
~#####~~~~~~~~~####..#
~~~~~~~~#####~~~~###.#
###~~~###...###~~~~#.#
##~~~~#...####~....#
######.......@....#
#....##########
#.....# #......#
#......# #......#
#..###### #.. ..


Turn 863 on D:3: Vault: just some flooded area. Nothing in there. #.#########..
#............ #####..#####. #############....... ##..~.~....~###.####.
##.....~~~..~.#..# #. ≈##...~.......~...## ## ≈≈≈≈≈≈≈~~~≈~~~~≈≈≈≈##
#≈≈≈≈~≈@~~~~~~~~≈≈≈≈≈# ###....~...~.~.~..#### ....#~~.~......#### ###
############ Turn 1126 on D:3: Flooded floor layout, I suppose.

Levels and vault maps discovered:
D:1:      lemuel_arrival_funnel, layout_loops_ring, serial_shops,
          nicolae_shop_tiny_glass, nicolae_shop_hallway_plus
D:2:      layout_basic, uniq_natasha
D:3:      layout_rooms, elyvilon_altar_3,
          hellmonk_ecumenical_altar_inner_sanctum, serial_rivers,
          chequers_serial_rivers_small_3, chequers_serial_rivers_large_a,
          chequers_serial_rivers_large_b, chequers_serial_rivers_small_3,
          chequers_serial_rivers_small_a, chequers_serial_rivers_small_3
D:4:      layout_rooms, cheibrodos_worm_habitat, minmay_misc_feat_pillars,
          uniq_blork_the_orc
D:5:      minmay_razor_zed, layout_basic, kennysheep_little_box,
          old_standard_altar, minmay_fountain_box, dk_noncrumbling_4,
          minmay_misc_feat_iff, amcnicky_mini_corridor_feature, uniq_eustachio
D:6:      layout_loops_corners, lightli_sewer_entry_pipes,
          minmay_misc_feat_doors, minmay_misc_feat_alley,
          chequers_serial_rivers_micro_d, ebering_dispersal_statue_hall
D:7:      layout_basic, minmay_temple_entry_statues_fountains,
          chequers_mini_garden, st_stairs_3, nrook_pool_corridor

Skill      XL: |  1  2  3  4  5  6  7 |
---------------+----------------------+-----
Long Blades    | 3 4 5 7 |  7.5
Armour         | 4 5 6 |  6.0
Fighting       | 4 5 |  5.1
Stealth        | 1 |  1.7
Shields        | |  3.0

Action                     |  1- 3 |  4- 6 |  7- 9 || total
---------------------------+-------+-------+-------++-------
  Melee: Long sword        |    87 |    89 |    95 ||   271
         Kick              |    18 |    29 |    29 ||    76
         Peck              |    14 |    13 |    16 ||    43
    Use: Scroll            |     2 |    10 |     1 ||    13
         Potion            |       |     1 |     6 ||     7
   Stab: Distracted        |       |     1 |       ||     1
 Armour: Scale mail        |    52 |    62 |    44 ||   158
  Dodge: Dodged            |    37 |    69 |    38 ||   144
  Block: Buckler           |    22 |    35 |    29 ||    86
